 Dungeon Crawl Stone Soup version 0.31.0-10-gcf4a605ca0 (webtiles) character file.

Game seed: 15966297153258917976

119 BeingJoeMalik the Poker (level 5, -1/41 HPs)
             Began as a Merfolk Fighter on Jan 25, 2024.
             Was a Believer of Zin.
             Slain by a gnoll
             ... wielding a +0 flail
              (3 damage)
             ... on level 1 of the Dungeon.
             The game lasted 00:04:18 (1379 turns).

BeingJoeMalik the Poker (Merfolk Fighter)           Turns: 1379, Time: 00:04:19

Health: -1/41      AC:  8    Str: 13 (16) XL:     5   Next: 3%
Magic:  5/5        EV:  8    Int:  8 (9)  God:    Zin [**....]
Gold:   63         SH:  4    Dex: 13 (14) Spells: 4/4 levels left

rFire   . . .        a - +0 trident
rCold   . . .        c - +0 buckler
rNeg    . . .        b - +0 scale mail
rPois   .            e - +0 helmet
rElec   .            (no cloak)
rCorr   .            d - +0 pair of gloves
SInv    .            (no boots)
Will    .....        (no amulet) Stlth
                     i - ring of flight
HPRegen 0.26/turn    (no ring)
MPRegen 0.09/turn

%: no passive effects
@: flying
A: (nimble swimmer 2), mertail
a: Renounce Religion, Recite, Vitalisation, Donate Gold


You were on level 1 of the Dungeon.
You worshipped Zin.
Zin was pleased with you.
You visited 1 branch of the dungeon, and saw 2 of its levels.

You collected 70 gold pieces.
You donated 7 gold pieces to Zin.

Inventory:

Hand Weapons
 a - a +0 trident (weapon)
Armour
 b - a +0 scale mail (worn)
 c - a +0 buckler (worn)
 d - a +0 pair of gloves (worn)
 e - a +0 helmet (worn)
Jewellery
 i - a ring of flight (left hand)
 j - a ring of poison resistance
Scrolls
 g - 2 scrolls of identify {unknown}
 k - 2 scrolls of teleportation {unknown}


   Skills:
 - Level 3.2 Fighting
 + Level 6.7 Polearms
 - Level 2.1 Armour
 - Level 3.0 Shields


You had 4 spell levels left.
You didn't know any spells.
Your spell library was empty.

Dungeon Overview and Level Annotations

Branches:
Dungeon (2/15)

Altars:
Zin


Innate Abilities, Weirdness & Mutations

((You are very nimble when in or above water. (Stealth+, EV+, Speed+++)))
Your lower body shifts to a powerful aquatic tail in water.


Message History

Unknown command.
You hit the gnoll but do no damage. The gnoll completely misses you.
You barely miss the gnoll. The gnoll hits you with a +0 flail!
You barely miss the gnoll. The gnoll hits you with a +0 flail!
* * * LOW HITPOINT WARNING * * *
Unknown command.
You hit the gnoll.
The gnoll is moderately wounded.
The gnoll hits you with a +0 flail.
* * * LOW HITPOINT WARNING * * *
Unknown command.
It was a potion of cancellation.
You feel magically purged. You block the gnoll's attack.
It was a potion of degeneration.
There was something very wrong with that liquid.
You feel weakened.
You feel dopey.
You feel clumsy. The gnoll hits you with a +0 flail.
* * * LOW HITPOINT WARNING * * *
Unknown command.
You hit the gnoll but do no damage.
The gnoll is moderately wounded.
The gnoll barely misses you.
Unknown command.
You hit the gnoll.
The gnoll is moderately wounded.
The gnoll hits you with a +0 flail! Zin protects you from harm!
Unknown command.
You barely miss the gnoll.
The gnoll is moderately wounded.
The gnoll closely misses you.
Unknown command.
You closely miss the gnoll.
The gnoll is moderately wounded.
The gnoll hits you but does no damage.
Unknown command.
You hit the gnoll but do no damage.
The gnoll is moderately wounded.
The gnoll hits you with a +0 flail.
You die...

....### #.###..#..#..### #.
......# #......#..#..# #.
...##.######...#..#..###########.
...##.....##.....................
#########.##..##.##..###########.
.................................
#############....##.........####.
................g....######## #.
................@....# #.
~......#.....###.....# ####.
~~....##...†.###.....### ##.♣..
..≈..........##[.......# #..PP.
≈~............#........# #.P..P
..~.....#..............# #♣P_..
.~~.....#....#.######### #..PP.
~~...#.......#.# ##..♣.
.....#....##.#.# ####.


You could see a gnoll.

Vanquished Creatures
  Natasha (twice) (D:2)
  2 adders (D:2)
  A gnoll (D:2)
  2 dart slugs (D:1)
  2 ribbon worms (D:2)
  A bat (D:1)
  5 endoplasms
  2 goblins (D:2)
  5 hobgoblins (D:1)
  A jackal (D:2)
  A quokka (D:1)
  4 ball pythons (D:1)
  A frilled lizard (D:1)
  2 kobolds (D:2)
  5 rats
36 creatures vanquished.

Notes
Turn   | Place    | Note
-------+----------+-------------------------------------------
     0 | D:1      | BeingJoeMalik the Merfolk Fighter began the quest for the
                  | Orb.
     0 | D:1      | Reached XP level 1. HP: 18/18 MP: 1/1
    27 | D:1      | Reached skill level 3 in Polearms
   196 | D:1      | Reached XP level 2. HP: 24/24 MP: 2/2
   206 | D:1      | Reached skill level 4 in Polearms
   429 | D:1      | Reached XP level 3. HP: 29/29 MP: 3/3
   665 | D:1      | Found a faded altar of an unknown god.
   673 | D:1      | Prayed at the altar of an unknown god.
   673 | D:1      | Became a worshipper of Zin the Law-Giver
   673 | D:1      | Reached * piety under Zin
   777 | D:2      | Reached skill level 5 in Polearms
   871 | D:2      | Noticed Natasha
   886 | D:2      | HP: 1/29 [Natasha (3)]
   887 | D:2      | Zin protects you from harm!
   888 | D:2      | Killed Natasha
   889 | D:2      | Reached XP level 4. HP: 1/35 MP: 4/4
  1091 | D:2      | Reached ** piety under Zin
  1142 | D:2      | Reached skill level 6 in Polearms
  1251 | D:2      | Noticed Natasha
  1256 | D:2      | Killed Natasha
  1366 | D:2      | Reached XP level 5. HP: 33/41 MP: 5/5
  1374 | D:1      | HP: 1/41 [gnoll/+0 flail (5)]
  1376 | D:1      | Zin protects you from harm!
  1379 | D:1      | Slain by a gnoll

Illustrated notes

Levels and vault maps discovered:
D:1:      dpeg_arrival_more_subterranean_lakeside_camping, layout_basic,
          ebering_ecumenical_altar_petrified
D:2:      layout_basic, nrook_mini_backslash, kennysheep_generic_room_11,
          uniq_natasha

Skill      XL: |  1  2  3  4 |
---------------+-------------+-----
Polearms       | 3 4 5 6 |  6.7
Fighting       | |  3.2
Armour         | |  2.1
Shields        | |  3.0

Action                     |  1- 3 |  4- 6 || total
---------------------------+-------+-------++-------
  Melee: Trident           |   106 |    42 ||   148
    Use: Potion            |     1 |     2 ||     3
 Armour: Scale mail        |    53 |    23 ||    76
  Dodge: Dodged            |    21 |    10 ||    31
  Block: Buckler           |    20 |     7 ||    27
